[Event "FICS rated blitz game"]
[Site "FICS freechess.org"]
[FICSGamesDBGameNo "20001402"]
[White "biter"]
[Black "fuddler"]
[WhiteElo "1697"]
[BlackElo "1715"]
[WhiteRD "na"]
[BlackRD "na"]
[TimeControl "180+0"]
[Date "1999.08.20"]
[Time "11:55:00"]
[WhiteClock "0:03:00.000"]
[BlackClock "0:03:00.000"]
[ECO "C63"]
[PlyCount "93"]
[Result "0-1"]

1. e4 e5 2. Nf3 Nc6 3. Bb5 f5 4. d3 Nf6 5. Bg5 Bc5 6. Bxf6 Qxf6 7. Nc3 Ne7 8. Qd2 c6 9. Bc4 d5 10. exd5 cxd5 11. Nxd5 Nxd5 12. Bxd5 Be6 13. Bxb7 Rb8 14. Bc6+ Kf7 15. c3 Rhd8 16. Qc2 Kg8 17. O-O Rf8 18. Rae1 Bd6 19. b4 f4 20. Be4 Kh8 21. d4 exd4 22. Nxd4 Bc4 23. Bd3 Bd5 24. f3 g6 25. a3 Rbe8 26. c4 Ba8 27. Nb5 Bb8 28. c5 Bc6 29. Nc3 Be5 30. Ne4 Bd4+ 31. Kh1 Bxe4 32. Bxe4 Bb2 33. a4 Bc3 34. Rb1 Rb8 35. b5 Bd4 36. c6 Bb6 37. Rfd1 Rbc8 38. Rd7 Rf7 39. Rbd1 Rxd7 40. Rxd7 Qa1+ 41. Rd1 Qf6 42. Qd3 Kg7 43. Qd7+ Kh6 44. Qxc8 Bc5 45. Qh3+ Kg7 46. Rd7+ Be7 47. Rd1 {White forfeits on time} 0-1

[Event "FICS rated blitz game"]
[Site "FICS freechess.org"]
[FICSGamesDBGameNo "20001401"]
[White "RoniTovi"]
[Black "KaroKannDoch"]
[WhiteElo "1972"]
[BlackElo "1901"]
[WhiteRD "na"]
[BlackRD "na"]
[TimeControl "180+0"]
[Date "1999.08.20"]
[Time "09:33:00"]
[WhiteClock "0:03:00.000"]
[BlackClock "0:03:00.000"]
[ECO "B15"]
[PlyCount "81"]
[Result "1-0"]

1. Nf3 g6 2. d4 Bg7 3. e4 c6 4. Nc3 d5 5. e5 Bg4 6. Bg5 Qb6 7. Na4 Qa5+ 8. c3 e6 9. b4 Qc7 10. Nc5 Ne7 11. Be2 O-O 12. O-O Bxf3 13. Bxf3 b6 14. Nd3 c5 15. bxc5 bxc5 16. Nxc5 Nec6 17. Nd3 Na5 18. Qc1 Nc4 19. Bh6 Nd7 20. Bxg7 Kxg7 21. h4 Rfb8 22. Rb1 Rxb1 23. Qxb1 Rb8 24. Qc1 Qa5 25. h5 Qxa2 26. Qg5 Qa3 27. Nf4 Qf8 28. hxg6 hxg6 29. Nh5+ Kg8 30. Nf6+ Nxf6 31. exf6 Kh7 32. g3 Qh6 33. Qg4 Nd2 34. Re1 Rb1 35. Rxb1 Nxb1 36. Bg2 Nxc3 37. Qf3 Nb5 38. Qb3 Nxd4 39. Qb7 Qf8 40. Qxa7 Nf5 41. g4 {Black forfeits on time} 1-0

[Event "FICS rated blitz game"]
[Site "FICS freechess.org"]
[FICSGamesDBGameNo "20001400"]
[White "eplekjekken"]
[Black "Guffen"]
[WhiteElo "1191"]
[BlackElo "1175"]
[WhiteRD "na"]
[BlackRD "na"]
[TimeControl "300+0"]
[Date "1999.08.20"]
[Time "09:18:00"]
[WhiteClock "0:05:00.000"]
[BlackClock "0:05:00.000"]
[ECO "C02"]
[PlyCount "89"]
[Result "0-1"]

1. d4 e6 2. e4 d5 3. e5 Ne7 4. Bg5 h6 5. Bh4 g5 6. Bg3 Nf5 7. Ne2 Nc6 8. h3 h5 9. Bh2 g4 10. g3 gxh3 11. Bxh3 h4 12. g4 Ng7 13. O-O f5 14. Bf4 fxg4 15. Bxg4 h3 16. Kh2 Qh4 17. Ng1 Bd7 18. Bg3 Qg5 19. Qf3 O-O-O 20. Nc3 Nxd4 21. Qf4 Qxf4 22. Bxf4 Nxc2 23. Rac1 Nd4 24. Nxh3 Rh4 25. Kg3 Be7 26. Rfd1 Ndf5+ 27. Bxf5 exf5 28. Ng5 Bxg5 29. Bxg5 Rh5 30. Kf4 Rdh8 31. Ne2 Ne6+ 32. Kxf5 Nxg5+ 33. Kf4 Nh3+ 34. Ke3 Rf8 35. Rh1 Rxe5+ 36. Kd3 Rxf2 37. Rxh3 Rfxe2 38. Rh8+ Re8 39. Rxe8+ Rxe8 40. Rf1 Bb5+ 41. Kd4 Bxf1 42. Kxd5 Re2 43. b4 Rxa2 44. b5 Rb2 45. Ke6 {White resigns} 0-1

[Event "FICS rated blitz game"]
[Site "FICS freechess.org"]
[FICSGamesDBGameNo "20001399"]
[White "pape"]
[Black "Percevan"]
[WhiteElo "1325"]
[BlackElo "1418"]
[WhiteRD "na"]
[BlackRD "na"]
[TimeControl "180+5"]
[Date "1999.08.20"]
[Time "07:50:00"]
[WhiteClock "0:03:00.000"]
[BlackClock "0:03:00.000"]
[ECO "B57"]
[PlyCount "54"]
[Result "0-1"]

1. e4 c5 2. Nf3 Nc6 3. d4 cxd4 4. Nxd4 Nf6 5. Nc3 Qb6 6. Nxc6 bxc6 7. Bc4 d6 8. O-O g6 9. Kh1 Bg7 10. Bb3 O-O 11. Be3 c5 12. Nd5 Nxd5 13. Bxd5 Rb8 14. Rb1 Qa5 15. b3 Qxa2 16. b4 Qa3 17. Rb3 Qa6 18. bxc5 Bg4 19. f3 Be6 20. Bxe6 fxe6 21. cxd6 exd6 22. Rxb8 Rxb8 23. Bf4 e5 24. Be3 Rc8 25. Qd2 Bf8 26. g3 Qxf1+ 27. Bg1 Qxf3+ {White resigns} 0-1

[Event "FICS rated blitz game"]
[Site "FICS freechess.org"]
[FICSGamesDBGameNo "20001398"]
[White "mishmash"]
[Black "Blubber"]
[WhiteElo "1874"]
[BlackElo "1857"]
[WhiteRD "na"]
[BlackRD "na"]
[TimeControl "180+0"]
[Date "1999.08.20"]
[Time "06:51:00"]
[WhiteClock "0:03:00.000"]
[BlackClock "0:03:00.000"]
[ECO "C05"]
[PlyCount "39"]
[Result "1-0"]

1. e4 e6 2. d4 d5 3. Nd2 Nf6 4. e5 Nfd7 5. f4 c5 6. c3 Nc6 7. Ngf3 Be7 8. Bd3 cxd4 9. cxd4 Qb6 10. Nb3 f6 11. exf6 Bxf6 12. Ne5 O-O 13. Bb1 Ndxe5 14. fxe5 Bxe5 15. Qc2 g6 16. dxe5 Nb4 17. Qe2 Bd7 18. Be3 Qc7 19. Nd4 Qxe5 20. a3 {Black forfeits on time} 1-0

[Event "FICS rated blitz game"]
[Site "FICS freechess.org"]
[FICSGamesDBGameNo "20001397"]
[White "falaleev"]
[Black "Plovjern"]
[WhiteElo "1829"]
[BlackElo "1574"]
[WhiteRD "na"]
[BlackRD "na"]
[TimeControl "180+3"]
[Date "1999.08.20"]
[Time "03:28:00"]
[WhiteClock "0:03:00.000"]
[BlackClock "0:03:00.000"]
[ECO "A40"]
[PlyCount "40"]
[Result "0-1"]

1. d4 g6 2. Bg5 Bg7 3. Nc3 c5 4. Nf3 cxd4 5. Nxd4 Nc6 6. Nxc6 bxc6 7. e3 Qa5 8. Qd2 Qxg5 9. g3 Nf6 10. Bg2 O-O 11. O-O-O Rb8 12. f4 Qa5 13. e4 d5 14. e5 Ne4 15. Bxe4 dxe4 16. Qe3 Be6 17. a3 Qb6 18. Qxb6 axb6 19. Nxe4 Rfd8 20. Rxd8+ Rxd8 {White resigns} 0-1

[Event "FICS rated blitz game"]
[Site "FICS freechess.org"]
[FICSGamesDBGameNo "20001396"]
[White "DEP"]
[Black "Solidster"]
[WhiteElo "1283"]
[BlackElo "1476"]
[WhiteRD "na"]
[BlackRD "na"]
[TimeControl "120+12"]
[Date "1999.08.20"]
[Time "01:20:00"]
[WhiteClock "0:02:00.000"]
[BlackClock "0:02:00.000"]
[ECO "C47"]
[PlyCount "118"]
[Result "0-1"]

1. e4 e5 2. Nf3 Nc6 3. d4 exd4 4. Nxd4 Nf6 5. Nc3 Bb4 6. Nxc6 bxc6 7. Bd3 d5 8. Bd2 O-O 9. O-O Bg4 10. f3 Bc5+ 11. Kh1 dxe4 12. Nxe4 Nxe4 13. Bxe4 Bd7 14. b4 Bd6 15. c4 Qh4 16. f4 Rae8 17. Bd3 g5 18. g3 Qh3 19. Rf2 Bg4 20. Qf1 Qh5 21. c5 Be7 22. Bc3 f5 23. Re1 Bf6 24. Bd2 Rd8 25. Bc4+ Kg7 26. fxg5 Bxg5 27. Bc3+ Bf6 28. Bxf6+ Rxf6 29. Re5 Rd1 30. Re1 Rxe1 31. Qxe1 Bf3+ 32. Kg1 Be4 33. Be2 Qg5 34. Qd1 h5 35. Rf4 h4 36. Qe1 Rg6 37. Qf2 hxg3 38. hxg3 Qxg3+ 39. Qxg3 Rxg3+ 40. Kf2 Ra3 41. Bc4 a5 42. bxa5 Rxa5 43. Bb3 Rxc5 44. Rh4 Rc3 45. Rh1 c5 46. Rd1 c4 47. Rd7+ Kf6 48. Ba4 Bc2 49. Bc6 Be4 50. Bb5 Rc2+ 51. Ke3 c6 52. Ba6 c3 53. Rd4 Rxa2 54. Bb7 c2 55. Rc4 Ra3+ 56. Kd2 Rd3+ 57. Kc1 Rd1+ 58. Kb2 Rb1+ 59. Ka2 Rxb7 {White resigns} 0-1

[Event "FICS rated blitz game"]
[Site "FICS freechess.org"]
[FICSGamesDBGameNo "20001395"]
[White "Bigfly"]
[Black "Didzis"]
[WhiteElo "1549"]
[BlackElo "1739"]
[WhiteRD "na"]
[BlackRD "na"]
[TimeControl "120+12"]
[Date "1999.08.20"]
[Time "00:37:00"]
[WhiteClock "0:02:00.000"]
[BlackClock "0:02:00.000"]
[ECO "A00"]
[PlyCount "52"]
[Result "0-1"]

1. g3 d5 2. Bg2 c6 3. d3 Nf6 4. Nd2 Bf5 5. c4 e6 6. cxd5 exd5 7. Ngf3 Bd6 8. O-O O-O 9. Nd4 Bd7 10. e4 dxe4 11. Nxe4 Nxe4 12. Bxe4 f5 13. Qb3+ Kh8 14. Qxb7 fxe4 15. dxe4 c5 16. Qxa8 cxd4 17. Qxa7 Nc6 18. Qb6 Qxb6 19. b3 Bh3 20. Rd1 Be5 21. Ba3 Nb4 22. Bxb4 Qxb4 23. Rd3 Qc5 24. Rad1 Qc2 25. R3d2 Qxe4 26. f4 Qe3+ {White resigns} 0-1

[Event "FICS rated lightning game"]
[Site "FICS freechess.org"]
[FICSGamesDBGameNo "20001394"]
[White "aam"]
[Black "Blitzdoc"]
[WhiteElo "1855"]
[BlackElo "1905"]
[WhiteRD "na"]
[BlackRD "na"]
[TimeControl "120+0"]
[Date "1999.08.19"]
[Time "22:25:00"]
[WhiteClock "0:02:00.000"]
[BlackClock "0:02:00.000"]
[ECO "C11"]
[PlyCount "71"]
[Result "0-1"]

1. e4 Nf6 2. Nc3 d5 3. e5 Nfd7 4. f4 e6 5. Nf3 c5 6. d4 Nc6 7. Be3 Qb6 8. dxc5 Qxb2 9. Na4 Qa3 10. c3 Nxc5 11. Nxc5 Bxc5 12. Bd4 Nxd4 13. cxd4 Qc3+ 14. Kf2 Bb6 15. Bb5+ Bd7 16. Bxd7+ Kxd7 17. Rc1 Qb2+ 18. Rc2 Qa3 19. Qe2 Rhc8 20. Rhc1 Rxc2 21. Rxc2 Qa4 22. Qd3 Rc8 23. Rxc8 Kxc8 24. a3 Kd7 25. Kg3 g6 26. Qc3 Qd1 27. Ng5 h5 28. h3 Qxd4 29. Qxd4 Bxd4 30. Nxf7 Bb2 31. a4 a6 32. Nh8 b5 33. axb5 axb5 34. Nxg6 b4 35. Kh4 b3 36. Kxh5 {White forfeits on time} 0-1

[Event "FICS rated blitz game"]
[Site "FICS freechess.org"]
[FICSGamesDBGameNo "20001393"]
[White "foxhunter"]
[Black "openfile"]
[WhiteElo "1478"]
[BlackElo "1408"]
[WhiteRD "na"]
[BlackRD "na"]
[TimeControl "120+8"]
[Date "1999.08.19"]
[Time "19:31:00"]
[WhiteClock "0:02:00.000"]
[BlackClock "0:02:00.000"]
[ECO "D15"]
[PlyCount "103"]
[Result "1-0"]

1. d4 d5 2. c4 c6 3. Nf3 Nf6 4. Nc3 dxc4 5. e3 Bg4 6. h3 Bh5 7. Bxc4 e6 8. g4 Bg6 9. Ne5 Nbd7 10. Nxg6 hxg6 11. g5 Nd5 12. e4 Nxc3 13. bxc3 Qa5 14. Bd2 O-O-O 15. Qb3 Qb6 16. Qc2 Qc7 17. Rb1 Nb6 18. Bd3 e5 19. Be3 exd4 20. cxd4 f5 21. a4 fxe4 22. Bxe4 Nd5 23. Bxd5 Rxd5 24. Qxg6 Rd6 25. Qe8+ Rd8 26. Qe6+ Qd7 27. Qxd7+ Rxd7 28. Ke2 Be7 29. h4 Re8 30. Kf1 Bd6 31. h5 Re4 32. h6 gxh6 33. gxh6 Rh7 34. Ke2 Bf4 35. Rbg1 Bxe3 36. fxe3 Re6 37. Rg8+ Kd7 38. Rg7+ Re7 39. Rxh7 Rxh7 40. e4 Ke6 41. Kd3 b6 42. Kc4 a6 43. Rh5 b5+ 44. axb5 cxb5+ 45. Kb4 Kf6 46. Ka5 Kg6 47. Rh2 Rxh6 48. Rxh6+ Kxh6 49. d5 Kg6 50. d6 Kf7 51. Kb6 Ke6 52. Kc7 {Black resigns} 1-0

[Event "FICS rated blitz game"]
[Site "FICS freechess.org"]
[FICSGamesDBGameNo "20001392"]
[White "bral"]
[Black "Nikun"]
[WhiteElo "2123"]
[BlackElo "2091"]
[WhiteRD "na"]
[BlackRD "na"]
[TimeControl "300+0"]
[Date "1999.08.19"]
[Time "17:44:00"]
[WhiteClock "0:05:00.000"]
[BlackClock "0:05:00.000"]
[ECO "C15"]
[PlyCount "96"]
[Result "0-1"]

1. e4 e6 2. d4 d5 3. Nc3 Bb4 4. Bd3 dxe4 5. Bxe4 Nf6 6. Bd3 O-O 7. Nf3 c5 8. a3 Ba5 9. dxc5 Bxc3+ 10. bxc3 Bd7 11. O-O Ba4 12. Rb1 Qc7 13. Rb4 Bc6 14. Bf4 Qa5 15. Bd6 Re8 16. Rh4 Nbd7 17. Ne5 Nxc5 18. Ng4 Ncd7 19. c4 Qg5 20. g3 Rad8 21. f4 Qa5 22. Ne5 Qb6+ 23. Rf2 Be4 24. Nxd7 Rxd7 25. c5 Qc6 26. Bxe4 Nxe4 27. Qh5 h6 28. Rg4 Nf6 29. Qh4 Nxg4 30. Qxg4 Qe4 31. Qh5 Qf5 32. Qe2 b6 33. Qe5 bxc5 34. Bxc5 Qxe5 35. fxe5 Rc8 36. Bd6 Rc4 37. Kf1 Rb7 38. Ke1 Rb2 39. Kd1 Rb1+ 40. Kd2 Rb5 41. Kc1 Rd5 42. Kb2 Re4 43. Kb3 f6 44. Bb8 fxe5 45. Bxa7 Ra5 46. Bb8 Rb5+ 47. Ka2 Rxb8 48. Rd2 Ra4 {White resigns} 0-1

[Event "FICS rated lightning game"]
[Site "FICS freechess.org"]
[FICSGamesDBGameNo "20001391"]
[White "Emil"]
[Black "Gilun"]
[WhiteElo "1686"]
[BlackElo "1949"]
[WhiteRD "na"]
[BlackRD "na"]
[TimeControl "120+0"]
[Date "1999.08.19"]
[Time "15:40:00"]
[WhiteClock "0:02:00.000"]
[BlackClock "0:02:00.000"]
[ECO "C30"]
[PlyCount "88"]
[Result "0-1"]

1. e4 e5 2. f4 Nc6 3. Nf3 Nge7 4. Be2 exf4 5. d4 Ng6 6. h3 Bb4+ 7. c3 Ba5 8. O-O O-O 9. Nbd2 Bb6 10. Nc4 d6 11. Nxb6 axb6 12. Bd2 f5 13. exf5 Bxf5 14. Qc1 Be4 15. Nh2 Qh4 16. Bf3 d5 17. Bxe4 dxe4 18. Ng4 e3 19. Be1 Qg5 20. Qd1 h5 21. Nh2 Nh4 22. Qe2 f3 23. Nxf3 Nxf3+ 24. Rxf3 Rxf3 25. Qxf3 Rf8 26. Qe2 Ne7 27. Rd1 h4 28. Rd3 Nd5 29. c4 Nf4 30. Qg4 Qxg4 31. hxg4 Nxd3 32. Bc3 e2 33. d5 Rf1+ 34. Kh2 e1=Q 35. Bxe1 Nxe1 36. Kh3 Rf2 37. g3 Rg2 38. gxh4 g5 39. hxg5 Kg7 40. b4 Kg6 41. a4 Rg1 42. Kh2 Nf3+ 43. Kh3 Kxg5 44. c5 Kf4 {White resigns} 0-1

[Event "FICS rated blitz game"]
[Site "FICS freechess.org"]
[FICSGamesDBGameNo "20001390"]
[White "kemar"]
[Black "Kabel"]
[WhiteElo "1752"]
[BlackElo "1878"]
[WhiteRD "na"]
[BlackRD "na"]
[TimeControl "240+0"]
[Date "1999.08.19"]
[Time "14:55:00"]
[WhiteClock "0:04:00.000"]
[BlackClock "0:04:00.000"]
[ECO "A00"]
[PlyCount "84"]
[Result "0-1"]

1. b4 e5 2. Bb2 Bxb4 3. Bxe5 Nf6 4. Nf3 Nc6 5. Bb2 O-O 6. e3 d5 7. Be2 Bf5 8. O-O Re8 9. d3 a5 10. Nbd2 a4 11. a3 Bd6 12. Rb1 b6 13. c4 Na5 14. cxd5 Nxd5 15. e4 Nf4 16. Re1 Be6 17. Bf1 Nb3 18. Nxb3 Bxb3 19. Qd2 Ng6 20. Qc3 Be5 21. Nxe5 Nxe5 22. f4 f6 23. fxe5 Rxe5 24. Rbc1 c5 25. d4 Rg5 26. Bc4+ Bxc4 27. Qxc4+ Kh8 28. d5 Qd6 29. Qe2 h5 30. e5 fxe5 31. Bxe5 Qxd5 32. Bf4 Rg4 33. Qe4 Qd8 34. h3 Rh4 35. Rcd1 Qf8 36. Rf1 Re8 37. Qxa4 Re2 38. Qc4 Qe7 39. Bg3 Rxc4 40. Bd6 Qe4 41. Rf2 Rxf2 42. Kxf2 Rc2+ {White resigns} 0-1

[Event "FICS rated blitz game"]
[Site "FICS freechess.org"]
[FICSGamesDBGameNo "20001389"]
[White "Hasdrubal"]
[Black "MGCourtney"]
[WhiteElo "1702"]
[BlackElo "1631"]
[WhiteRD "na"]
[BlackRD "na"]
[TimeControl "240+1"]
[Date "1999.08.19"]
[Time "13:35:00"]
[WhiteClock "0:04:00.000"]
[BlackClock "0:04:00.000"]
[ECO "B43"]
[PlyCount "111"]
[Result "1-0"]

1. e4 c5 2. Nf3 e6 3. d4 cxd4 4. Nxd4 a6 5. Nc3 Qc7 6. Bd3 Nf6 7. O-O Bc5 8. Nb3 Be7 9. f4 d6 10. f5 exf5 11. exf5 O-O 12. Bf4 Nc6 13. Bg3 Ne5 14. Bxe5 dxe5 15. Ne4 Bd7 16. Qe2 Bc6 17. Nxf6+ Bxf6 18. Be4 Rac8 19. c3 Rcd8 20. Rad1 Rd7 21. Rxd7 Qxd7 22. Rd1 Qc7 23. h3 h6 24. Kh2 Be7 25. Nd2 Qb6 26. Nf3 Bf6 27. b3 a5 28. Qc4 Bxe4 29. Qxe4 Qc6 30. Qxc6 bxc6 31. Rd6 e4 32. Nd4 e3 33. Ne2 c5 34. Kg1 Re8 35. Kf1 Kh7 36. Rd5 Re5 37. Rxe5 Bxe5 38. g4 g6 39. Kg2 gxf5 40. gxf5 Kg7 41. Kf3 Kf6 42. Ke4 Bh2 43. c4 Bc7 44. Kxe3 Kxf5 45. Nc3 Be5 46. Nd5 Bd4+ 47. Kf3 Ke6 48. a4 Kf5 49. Ne7+ Ke6 50. Nc6 Kf5 51. Nxa5 h5 52. Nc6 Ke6 53. a5 Kd7 54. Nxd4 cxd4 55. Ke4 Kc6 56. Kxd4 {Black resigns} 1-0

[Event "FICS rated blitz game"]
[Site "FICS freechess.org"]
[FICSGamesDBGameNo "20001387"]
[White "Canaries"]
[Black "FOXPETER"]
[WhiteElo "1587"]
[BlackElo "1356"]
[WhiteRD "na"]
[BlackRD "na"]
[TimeControl "120+12"]
[Date "1999.08.19"]
[Time "06:55:00"]
[WhiteClock "0:02:00.000"]
[BlackClock "0:02:00.000"]
[ECO "A57"]
[PlyCount "108"]
[Result "0-1"]

1. d4 Nf6 2. c4 c5 3. d5 b5 4. cxb5 Qa5+ 5. Nc3 Ne4 6. Bd2 Nxc3 7. Bxc3 Qxb5 8. e4 Qb6 9. Qg4 Qh6 10. Bc4 Na6 11. Qe2 Nc7 12. Nf3 e6 13. O-O Be7 14. Rad1 d6 15. dxe6 fxe6 16. Rd2 O-O 17. Rfd1 Bb7 18. Rd3 Rf7 19. Bd2 Qg6 20. Re3 Raf8 21. Ba5 Bxe4 22. Rxe4 Rxf3 23. Bxc7 Rxf2 24. Bxe6+ Kh8 25. Qxf2 Rxf2 26. Kxf2 Qxe4 27. Re1 Qd4+ 28. Kf1 h6 29. Bh3 Qxb2 30. Kg1 Qd4+ 31. Kh1 Qf6 32. Kg1 d5 33. Re6 Qd4+ 34. Kf1 Qd3+ 35. Re2 Bh4 36. g3 Bg5 37. Bg2 d4 38. Be4 Qd1+ 39. Re1 Qh5 40. Kg2 Be3 41. Rb1 Qe2+ 42. Kh3 g5 43. Be5+ Kg8 44. Rb7 g4+ 45. Kh4 Bg5+ 46. Kh5 Qxh2+ 47. Kg6 Kf8 48. Bf5 Qxa2 49. Bd6+ Ke8 50. Rb8+ Bd8 51. Bc7 Qg8+ 52. Kxh6 Qf8+ 53. Kg6 Qf7+ 54. Kh6 Qxc7 {White resigns} 0-1

[Event "FICS rated blitz game"]
[Site "FICS freechess.org"]
[FICSGamesDBGameNo "20001386"]
[White "ExcuseMe"]
[Black "oceandeep"]
[WhiteElo "1682"]
[BlackElo "1771"]
[WhiteRD "na"]
[BlackRD "na"]
[TimeControl "180+0"]
[Date "1999.08.19"]
[Time "05:43:00"]
[WhiteClock "0:03:00.000"]
[BlackClock "0:03:00.000"]
[ECO "B00"]
[PlyCount "54"]
[Result "0-1"]

1. e4 Nc6 2. Nc3 d6 3. d4 e5 4. d5 Nce7 5. Bb5+ c6 6. dxc6 bxc6 7. Bc4 Nf6 8. Bg5 Ng6 9. h3 Be7 10. Nf3 O-O 11. O-O Rb8 12. Bb3 h6 13. Be3 a5 14. Qe2 d5 15. exd5 cxd5 16. Rfd1 d4 17. Na4 Qe8 18. Bd2 Bd7 19. Nxe5 Nxe5 20. Qxe5 Bxa4 21. Bxa4 Qxa4 22. Qxe7 Qxc2 23. Bxa5 Rxb2 24. Rf1 Rxa2 25. Rxa2 Qxa2 26. Bb4 Re8 27. Qd7 Nxd7 {White resigns} 0-1

[Event "FICS rated blitz game"]
[Site "FICS freechess.org"]
[FICSGamesDBGameNo "20001385"]
[White "StenII"]
[Black "Zappa"]
[WhiteElo "1393"]
[BlackElo "1322"]
[WhiteRD "na"]
[BlackRD "na"]
[TimeControl "300+0"]
[Date "1999.08.19"]
[Time "03:01:00"]
[WhiteClock "0:05:00.000"]
[BlackClock "0:05:00.000"]
[ECO "C30"]
[PlyCount "85"]
[Result "1-0"]

1. e4 e5 2. f4 d6 3. Nc3 c6 4. Nf3 Bg4 5. Be2 g6 6. d3 Bg7 7. O-O Nf6 8. h3 Bxf3 9. Bxf3 O-O 10. f5 Nbd7 11. Ne2 Qb6+ 12. Kh1 d5 13. Ng3 d4 14. h4 a5 15. h5 h6 16. hxg6 fxg6 17. fxg6 c5 18. Nf5 Qe6 19. Bxh6 Bxh6 20. Nxh6+ Kg7 21. Nf5+ Kxg6 22. Bh5+ Nxh5 23. Qg4+ Kf6 24. Qh4+ Kg6 25. Qg4+ Kh7 26. Qxh5+ Kg8 27. Nh6+ Kg7 28. Qg5+ Qg6 29. Qe7+ Kxh6 30. Rxf8 Rxf8 31. Qxd7 Qh5+ 32. Qh3 Qxh3+ 33. gxh3 Rf2 34. Rc1 b5 35. h4 Kh5 36. c3 Rxb2 37. cxd4 exd4 38. a3 Rb3 39. Rxc5+ Kxh4 40. e5 Rxd3 41. Kg2 Rxa3 42. e6 d3 43. e7 {Black forfeits on time} 1-0

[Event "FICS rated blitz game"]
[Site "FICS freechess.org"]
[FICSGamesDBGameNo "20001384"]
[White "rolowolf"]
[Black "Transmux"]
[WhiteElo "1334"]
[BlackElo "1474"]
[WhiteRD "na"]
[BlackRD "na"]
[TimeControl "180+0"]
[Date "1999.08.18"]
[Time "23:30:00"]
[WhiteClock "0:03:00.000"]
[BlackClock "0:03:00.000"]
[ECO "B20"]
[PlyCount "48"]
[Result "0-1"]

1. e4 c5 2. Bb5 a6 3. Bc4 Nf6 4. e5 d5 5. exf6 dxc4 6. fxg7 Bxg7 7. d3 cxd3 8. cxd3 Nc6 9. Ne2 Bf5 10. O-O Bxd3 11. Re1 Qa5 12. Bd2 Qb5 13. Nbc3 Qxb2 14. Na4 Qxa1 15. Qxa1 Bxa1 16. Rxa1 Bxe2 17. Nxc5 b6 18. Ne4 Rg8 19. Ng5 Rd8 20. Bc3 Rxg5 21. Re1 Bf3 22. g3 Rc5 23. Bg7 Rd2 24. h4 Re2 {White resigns} 0-1

[Event "FICS rated blitz game"]
[Site "FICS freechess.org"]
[FICSGamesDBGameNo "20001383"]
[White "HurtU"]
[Black "Likngud"]
[WhiteElo "1317"]
[BlackElo "1274"]
[WhiteRD "na"]
[BlackRD "na"]
[TimeControl "300+12"]
[Date "1999.08.18"]
[Time "21:32:00"]
[WhiteClock "0:05:00.000"]
[BlackClock "0:05:00.000"]
[ECO "C13"]
[PlyCount "45"]
[Result "1-0"]

1. e4 e6 2. d4 d5 3. Nc3 Nf6 4. Bg5 Be7 5. e5 Nfd7 6. h4 Bxg5 7. hxg5 Qxg5 8. Nh3 Qe7 9. Bd3 a6 10. Qg4 g6 11. O-O-O h5 12. Qf4 Nc6 13. a3 b5 14. Ng5 Nxd4 15. Bxg6 fxg6 16. Rxd4 Rf8 17. Qg3 c5 18. Rf4 Nxe5 19. Rxf8+ Qxf8 20. Qxe5 Qxf2 21. Nxd5 Ra7 22. Nb6 Bb7 23. Qxe6+ {Black resigns} 1-0

[Event "FICS rated lightning game"]
[Site "FICS freechess.org"]
[FICSGamesDBGameNo "20001381"]
[White "wysknight"]
[Black "VanceIII"]
[WhiteElo "1726"]
[BlackElo "1803"]
[WhiteRD "na"]
[BlackRD "na"]
[TimeControl "60+0"]
[Date "1999.08.18"]
[Time "18:12:00"]
[WhiteClock "0:01:00.000"]
[BlackClock "0:01:00.000"]
[ECO "B07"]
[PlyCount "37"]
[Result "1-0"]

1. e4 d6 2. Nf3 b6 3. d4 Bb7 4. Nc3 Nf6 5. Bc4 g6 6. e5 e6 7. exf6 Qxf6 8. d5 exd5 9. Nxd5 Qe7+ 10. Nxe7 Bxe7 11. Bh6 Nd7 12. O-O O-O-O 13. Re1 Kb8 14. Bg5 Bxg5 15. Nxg5 f6 16. Nf7 Rdf8 17. Nxh8 Rg8 18. Re7 Ne5 19. Bxg8 {Black resigns} 1-0

[Event "FICS rated blitz game"]
[Site "FICS freechess.org"]
[FICSGamesDBGameNo "20001380"]
[White "Trouncer"]
[Black "Ritzel"]
[WhiteElo "1537"]
[BlackElo "1498"]
[WhiteRD "na"]
[BlackRD "na"]
[TimeControl "180+12"]
[Date "1999.08.18"]
[Time "17:12:00"]
[WhiteClock "0:03:00.000"]
[BlackClock "0:03:00.000"]
[ECO "B06"]
[PlyCount "67"]
[Result "1-0"]

1. d4 g6 2. e4 Bg7 3. Nf3 d6 4. Bd3 Bg4 5. Be3 Nc6 6. c3 Nf6 7. Nbd2 O-O 8. O-O a6 9. h3 Bd7 10. Re1 e5 11. d5 Ne7 12. Bg5 c6 13. c4 Qb6 14. Qb3 Qxb3 15. Nxb3 cxd5 16. cxd5 Rac8 17. Rac1 Ba4 18. Nfd2 Rxc1 19. Rxc1 Rc8 20. Rxc8+ Nxc8 21. Na5 b6 22. Bxa6 bxa5 23. Bxc8 Bc2 24. f3 Nh5 25. Nc4 f6 26. Bd2 Bf8 27. Bxa5 Nf4 28. Bc7 Ne2+ 29. Kf2 Nd4 30. Nxd6 Bxd6 31. Bxd6 Kf7 32. b4 Ba4 33. Bc5 Nc2 34. Ba6 {Black resigns} 1-0

[Event "FICS rated blitz game"]
[Site "FICS freechess.org"]
[FICSGamesDBGameNo "20001378"]
[White "BlackWhite"]
[Black "Dioslaki"]
[WhiteElo "1473"]
[BlackElo "1543"]
[WhiteRD "na"]
[BlackRD "na"]
[TimeControl "120+12"]
[Date "1999.08.18"]
[Time "13:46:00"]
[WhiteClock "0:02:00.000"]
[BlackClock "0:02:00.000"]
[ECO "D20"]
[PlyCount "65"]
[Result "1-0"]

1. d4 d5 2. c4 dxc4 3. e4 Nc6 4. Nc3 Nxd4 5. Bxc4 e6 6. Bf4 Bd6 7. Qxd4 Nf6 8. e5 c5 9. Qxd6 Qxd6 10. exd6 Nd7 11. Nf3 b6 12. Bg5 f6 13. Bh4 g5 14. Bg3 h5 15. h3 h4 16. Bh2 Bb7 17. Nb5 O-O-O 18. Bxe6 Kb8 19. Bg4 Rhf8 20. O-O-O f5 21. Bh5 a6 22. Nc7 Rf6 23. Rhe1 Rh8 24. Be8 Bc6 25. Nxg5 f4 26. Nge6 Rhh6 27. Nxa6+ Kb7 28. Nd8+ Kxa6 29. Nxc6 Nf8 30. Nb8+ Kb7 31. d7 Ne6 32. Rxe6 Rxe6 33. d8=Q {Black resigns} 1-0

[Event "FICS rated blitz game"]
[Site "FICS freechess.org"]
[FICSGamesDBGameNo "20001377"]
[White "TheCoF"]
[Black "noplay"]
[WhiteElo "998"]
[BlackElo "1096"]
[WhiteRD "na"]
[BlackRD "na"]
[TimeControl "120+10"]
[Date "1999.08.18"]
[Time "12:36:00"]
[WhiteClock "0:02:00.000"]
[BlackClock "0:02:00.000"]
[ECO "C21"]
[PlyCount "134"]
[Result "0-1"]

1. e4 e5 2. d4 Nc6 3. Bc4 exd4 4. c3 dxc3 5. Qf3 Qf6 6. Qxf6 Nxf6 7. Bxf7+ Kxf7 8. Nxc3 Bb4 9. Bd2 Nxe4 10. Nxe4 Bxd2+ 11. Nxd2 Re8+ 12. Ne2 Nd4 13. f3 Nc2+ 14. Kf2 Nxa1 15. Rxa1 b6 16. Ne4 Ba6 17. Re1 Bc4 18. a3 d5 19. Ng5+ Kg8 20. Nf4 Rxe1 21. Kxe1 d4 22. Kd2 h6 23. Nge6 Bxe6 24. Nxe6 c5 25. Kd3 Re8 26. Nc7 Re1 27. b4 cxb4 28. axb4 Rd1+ 29. Ke4 d3 30. Nd5 d2 31. Ke3 Kf7 32. Ke2 Rh1 33. Kxd2 Rxh2 34. Ne3 Ke6 35. Kd3 Kd7 36. Ke4 Kc6 37. g4 Kb5 38. Nd5 Re2+ 39. Kf5 Kc4 40. Nf4 Re1 41. Ne6 Kxb4 42. Nxg7 a5 43. Kg6 a4 44. Nf5 a3 45. Nd4 Rg1 46. Nc2+ Kb3 47. Nxa3 Kxa3 48. f4 h5 49. f5 Rxg4+ 50. Kxh5 Rg8 51. f6 Rf8 52. Kg6 b5 53. Kg7 Rxf6 54. Kxf6 b4 55. Ke5 b3 56. Kd4 b2 57. Kc3 b1=Q 58. Kd2 Kb3 59. Ke3 Qc1+ 60. Kd4 Qc3+ 61. Ke4 Qd2 62. Ke5 Kc3 63. Ke4 Qd3+ 64. Ke5 Qd4+ 65. Ke6 Kc4 66. Kf5 Qe3 67. Kf6 Kd4 {White resigns} 0-1

[Event "FICS rated lightning game"]
[Site "FICS freechess.org"]
[FICSGamesDBGameNo "20001376"]
[White "PAGET"]
[Black "joyeux"]
[WhiteElo "1653"]
[BlackElo "1534"]
[WhiteRD "na"]
[BlackRD "na"]
[TimeControl "120+0"]
[Date "1999.08.18"]
[Time "06:50:00"]
[WhiteClock "0:02:00.000"]
[BlackClock "0:02:00.000"]
[ECO "B06"]
[PlyCount "49"]
[Result "1-0"]

1. d4 d6 2. Nc3 g6 3. e4 Bg7 4. Bc4 e5 5. dxe5 Bxe5 6. Qe2 Bg7 7. f4 Qe7 8. Nf3 Be6 9. Bxe6 fxe6 10. O-O Nf6 11. e5 dxe5 12. Nxe5 O-O 13. Qc4 c6 14. Be3 Nd5 15. Nxd5 exd5 16. Qb3 Nd7 17. Ng4 a5 18. Rae1 a4 19. Qxb7 Rac8 20. Kh1 Rfd8 21. Bd4 Bxd4 22. Rxe7 Rb8 23. Nh6+ Kf8 24. Rf7+ Ke8 25. Re1+ {Black resigns} 1-0